 Dungeon Crawl Stone Soup version 0.20.0-8-g6b59dc7 (webtiles) character file.

292 Hasart the Slasher (level 6, -1/32 HPs)
             Began as a Vine Stalker Fighter on June 2, 2017.
             Was an Initiate of Dithmenos.
             Slain by an orc
             ... wielding a +0 morningstar
              (2 damage)
             ... on level 3 of the Dungeon.
             The game lasted 00:05:22 (1660 turns).

Hasart the Slasher (Vine Stalker Fighter)           Turns: 1660, Time: 00:05:23

Health: -1/32      AC:  9    Str: 21    XL:     6   Next: 33%
Magic:  0/7        EV:  5    Int:  8    God:    Dithmenos [......]
Gold:   88         SH:  9    Dex: 13    Spells: 5/5 levels left

rFire    . . .     SeeInvis .   a - +0 long sword
rCold    . . .     Gourm    .   c - +0 shield
rNeg     . . .     Faith    .   e - +0 chain mail
rPois    .         Spirit   +   (no helmet)
rElec    .         Reflect  .   (no cloak)
rCorr    .         Harm     .   (no gloves)
MR       .....                  (no boots)
Stlth    ..........             (no amulet)
Regen    0.5/turn               (no ring)
MPRegen  0.1/turn               (no ring)

@: lethally poisoned (-1 -> -2)
A: fangs 2, regeneration 1, magic shield, antimagic bite, no potion heal 3, rot
immunity
a: Renounce Religion


You were on level 3 of the Dungeon.
You worshipped Dithmenos.
Dithmenos was noncommittal.
You were not hungry.

You visited 1 branch of the dungeon, and saw 3 of its levels.

You collected 88 gold pieces.

Inventory:

Hand Weapons
 a - a +0 long sword (weapon)
Armour
 c - a +0 shield (worn)
 e - a +0 chain mail (worn)
 l - a +0 helmet
Scrolls
 b - 2 scrolls of remove curse {unknown}
 h - a scroll of immolation {unknown}
 i - a scroll of identify {unknown}
Potions
 g - a potion of haste {unknown}
 j - a potion of heal wounds {unknown}
 k - a potion of flight {unknown}
 m - a potion of mutation {unknown}
Comestibles
 d - 3 chunks of flesh
 f - a bread ration


   Skills:
 + Level 3.5 Fighting
 * Level 3.8 Long Blades
 + Level 3.4 Armour
 + Level 3.8 Shields


You had 5 spell levels left.
You didn't know any spells.

Dungeon Overview and Level Annotations

Branches:
Dungeon (3/15)

Altars:
Dithmenos


Innate Abilities, Weirdness & Mutations

You have extremely sharp teeth.
Your natural rate of healing is unusually fast.
When hurt, damage is shared between your health and your magic reserves.
Your bite disrupts and absorbs the magic of your enemies.
Potions cannot restore your health.
You are immune to rotting.


Message History

* * * LOW HITPOINT WARNING * * *
The dart slug bites you.
* * * LOW HITPOINT WARNING * * *
You hit the dart slug. You bite the dart slug. You drain its power.
You feel invigorated.
The dart slug is severely wounded.
You feel sick. The adder bites you.
* * * LOW HITPOINT WARNING * * *
You are more poisoned.
The adder poisons you! The orc hits you but does no damage.
The orc hits you with a morningstar.
* * * LOW HITPOINT WARNING * * *
The adder barely misses you.
You riposte.
You miss the adder. Your bite misses the adder.
The adder is moderately wounded.
You hit the orc but do no damage. You bite the orc, but do no damage.
* * * LOW HITPOINT WARNING * * *
You feel sick. The orc barely misses you. You block the dart slug's attack.
The adder bites you but does no damage. The orc hits you with a morningstar.
You die...

.......# .......#.
# ......... #.
#........
#.#######........
#.......#........
#..[....#oS......
#.......#@wo.....
###.....).#o####.#.
............#
######.#######
#.............
#####.########
####.#
#..#.########
#.....).....#


You could see an adder, a dart slug and 3 orcs.

Vanquished Creatures
  Sigmund (D:2)
  An orc priest (D:3)
  Jessica (D:2)
  2 adders
  An ooze (D:1)
  2 worms (D:2)
  2 dart slugs
  A leopard gecko (D:1)
  4 orcs (D:3)
  A giant cockroach (D:2)
  5 goblins
  8 hobgoblins
  4 jackals (D:1)
  2 bats
  3 frilled lizards
  5 kobolds
  6 rats
49 creatures vanquished.

Notes
Turn   | Place    | Note
-------+----------+-------------------------------------------
     0 | D:1      | Hasart the Vine Stalker Fighter began the quest for the Orb.
     0 | D:1      | Reached XP level 1. HP: 11/11 MP: 2/2
   315 | D:1      | Reached XP level 2. HP: 16/16 MP: 1/3
   697 | D:1      | Reached XP level 3. HP: 19/19 MP: 4/4
   922 | D:2      | Noticed Sigmund
  1185 | D:2      | Killed Sigmund
  1185 | D:2      | Gained mutation: Your natural rate of healing is unusually fast. [Vine Stalker growth]
  1185 | D:2      | Reached XP level 4. HP: 15/24 MP: 3/5
  1185 | D:2      | Reached XP level 5. HP: 17/28 MP: 3/6
  1283 | D:2      | Found a shadowy altar of Dithmenos.
  1296 | D:2      | Noticed Jessica
  1300 | D:2      | Became a worshipper of Dithmenos the Shadowed
  1306 | D:2      | Killed Jessica
  1306 | D:2      | Reached XP level 6. HP: 25/32 MP: 5/7
  1660 | D:3      | HP: 1/32 [poisoned by an adder]
  1660 | D:3      | Slain by an orc

Skill      XL: |  1  2  3 |
---------------+----------+-----
Long Blades    | 2 3 |  3.8
Shields        | 3 |  3.8
Fighting       | 3 |  3.5
Armour         | 3 |  3.4

Action                   |  1- 3 |  4- 6 || total
-------------------------+-------+-------++-------
Melee: Long sword        |    91 |    53 ||   144
       Bite              |    20 |    11 ||    31
  Use: Potion            |     1 |       ||     1
  Eat: Chunk             |       |     3 ||     3
Armor: Scale mail        |     7 |       ||     7
       Chain mail        |    72 |    43 ||   115
Dodge: Dodged            |    31 |    20 ||    51
Block: Shield            |    70 |    60 ||   130
       Rpst.: Long sword |     8 |     5 ||    13
